 Dungeon Crawl Stone Soup version 0.28.0 (webtiles) character file.

Game seed: 5058481689212615431

32 crazypyro the Covered (level 3, -3/33 HPs)
             Began as a Minotaur Fighter on Feb 8, 2022.
             Was a High Priest of Ignis.
             Slain by a gnoll (6 damage)
             ... on level 2 of the Dungeon.
             The game lasted 00:01:01 (798 turns).

crazypyro the Covered (Minotaur Fighter)             Turns: 798, Time: 00:01:02

Health: -3/33      AC:  7    Str: 22    XL:     3   Next: 10%
Magic:  2/2        EV:  9    Int:  5    God:    Ignis [*****.]
Gold:   1169       SH:  4    Dex:  9    Spells: 2/2 levels left

rFire   + . .      SeeInvis .   a - +0 war axe
rCold   . . .      Faith    .   c - +0 buckler
rNeg    . . .      Spirit   .   b - +0 scale mail
rPois   .          Reflect  .   (helmet restricted)
rElec   .          Harm     .   (no cloak)
rCorr   .          Rampage  .   (no gloves)
Will    .....                   (no boots)
Stlth   ..........              (no amulet)
HPRegen 0.11/turn               (no ring)
MPRegen 0.08/turn               (no ring)

@: no status effects
A: horns 2, retaliatory headbutt
a: Renounce Religion, Fiery Armour, Foxfire Swarm, Rising Flame


You were on level 2 of the Dungeon.
You worshipped Ignis.
Ignis was extremely pleased with you.
You visited 1 branch of the dungeon, and saw 2 of its levels.

You collected 1169 gold pieces.

Inventory:

Hand Weapons
 a - a +0 war axe (weapon)
Armour
 b - a +0 scale mail (worn)
 c - a +0 buckler (worn)
Jewellery
 h - a +6 ring of intelligence
Scrolls
 e - a scroll of teleportation {unknown}
 f - a scroll of acquirement
 i - a scroll of identify {unknown}
Potions
 d - a potion of might
 g - a potion of curing {unknown}


   Skills:
 + Level 4.0 Fighting
 + Level 3.0 Axes
 + Level 4.0 Armour
 + Level 4.0 Shields


You had 2 spell levels left.
You didn't know any spells.
Your spell library contained the following spells:

 Spells                   Type           Power      Damage    Failure   Level
 Call Canine Familiar     Summ           0%         N/A       99%         3
 Portal Projectile        Hex/Tloc       0%         N/A       99%         3
 Leda's Liquefaction      Hex/Erth       0%         N/A       100%        4


Dungeon Overview and Level Annotations

Branches:
Dungeon (2/15)

Altars:
Ignis

Shops:
D:1 *


Innate Abilities, Weirdness & Mutations

You have a pair of horns on your head.
You reflexively headbutt those who attack you in melee.


Message History

The foxfire hits the gnoll.
The gnoll is moderately wounded.
The foxfire hits the gnoll.
The gnoll is moderately wounded.
The foxfire hits the gnoll.
The gnoll is heavily wounded.
The foxfire hits the gnoll.
The gnoll is heavily wounded.
The foxfire hits the gnoll.
The gnoll is heavily wounded.
The foxfire hits the gnoll but does no damage.
The gnoll is heavily wounded.
The foxfire hits the gnoll.
The gnoll is severely wounded.
The foxfire hits the gnoll.
The gnoll is severely wounded.
The foxfire hits the gnoll.
The gnoll is almost dead.
A gnoll comes into view. It is wielding a +0 flail.
The gnoll shouts!
The gnoll barely misses you. The gnoll hits you but does no damage.
You are too injured to fight recklessly!
You closely miss the gnoll.
The gnoll is heavily wounded.
You hit the gnoll.
You kill the gnoll!
You block the gnoll's attack.
The gnoll hits you from afar with a +0 halberd!
* * * LOW HITPOINT WARNING * * *
Your Fighting skill increases to level 4!
You have reached level 3!
Your experience leads to an increase in your attributes!
Increase (S)trength, (I)ntelligence, or (D)exterity?
You feel stronger. x2
You hit the gnoll but do no damage.
The gnoll is heavily wounded.
The gnoll hits you but does no damage. The gnoll barely misses you.
A hobgoblin comes into view.
The gnoll hits you with a +0 whip.
You die...

##########
#<.......#
#.@......#
#.g).....#
#g.....).#
#.g......#
#.........
#.####....
... ....
g. ...


You could see 3 gnolls and a hobgoblin (wandering).

Vanquished Creatures
  A gnoll (D:2)
  4 bats (D:1)
  2 endoplasms (D:1)
  2 giant cockroaches (D:1)
  A goblin (D:1)
  5 hobgoblins (D:1)
  A kobold (D:1)
  A quokka (D:2)
  2 ball pythons
  A frilled lizard (D:1)
20 creatures vanquished.

Vanquished Creatures (others)
  9 foxfires (D:2)
  2 fungi (D:1)
11 creatures vanquished.

Grand Total: 31 creatures vanquished

Notes
Turn   | Place    | Note
-------+----------+-------------------------------------------
     0 | D:1      | crazypyro the Minotaur Fighter began the quest for the Orb.
     0 | D:1      | Reached XP level 1. HP: 19/19 MP: 0/0
   242 | D:1      | Found Numoraod's General Store.
   278 | D:1      | Reached XP level 2. HP: 25/27 MP: 1/1
   464 | D:1      | Identified 2 scrolls of acquirement
   464 | D:1      | Acquired 1156 gold pieces
   538 | D:1      | Found a faded altar of an unknown god.
   554 | D:1      | Prayed at the altar of an unknown god.
   554 | D:1      | Became a worshipper of Ignis, the Dying Flame
   798 | D:2      | Reached XP level 3. HP: 3/33 MP: 2/2
   798 | D:2      | Slain by a gnoll

Illustrated notes

Levels and vault maps discovered:
D:1:      saegor_arrival_simple_b, layout_basic,
          shapermc_ecumenical_altar_mp_ritualfount, serial_shops,
          nicolae_shop_trees
D:2:      layout_rooms

Skill      XL: |  1  2 |
---------------+-------+-----
Armour         | 4 |  4.0
Shields        | 4 |  4.0
Axes           | 3 |  3.0
Fighting       | 4 |  4.0

Action                   || total
-------------------------++-------
Melee: War axe           ||    27
       Headbutt          ||     4
Invok: Foxfire Swarm     ||     1
  Use: Scroll            ||     1
Armor: Scale mail        ||    12
Dodge: Dodged            ||    17
Block: Buckler           ||     6
